 Dungeon Crawl Stone Soup version 0.24.1-4-ge52af88ad5 (webtiles) character file.

Game seed: 10798007396280135438, levelgen mode: deterministic

56 Peloso the Covered (level 3, -2/33 HPs)
             Began as a Minotaur Fighter on Apr 12, 2020.
             Slain by Natasha (3 damage)
             ... on level 2 of the Dungeon.
             The game lasted 00:01:40 (916 turns).

Peloso the Covered (Minotaur Fighter)                Turns: 916, Time: 00:01:40

Health: -2/33      AC:  7    Str: 20    XL:     3   Next: 69%
Magic:  2/2        EV:  7    Int:  5    God:
Gold:   125        SH:  9    Dex: 10    Spells: 2/2 levels left

rFire    . . .     SeeInvis .   a - +0 long sword
rCold    . . .     Gourm    .   c - +0 shield
rNeg     . . .     Faith    .   b - +0 scale mail
rPois    .         Spirit   .   (helmet restricted)
rElec    .         Reflect  .   (no cloak)
rCorr    .         Harm     .   (no gloves)
MR       .....                  (no boots)
Stlth    ..........             (no amulet)
HPRegen  0.11/turn              (no ring)
MPRegen  0.08/turn              (no ring)

@: slowed, very slow
A: retaliatory headbutt, horns 2
a: no special abilities


You were on level 2 of the Dungeon.
You were not hungry.

You visited 1 branch of the dungeon, and saw 2 of its levels.

You collected 125 gold pieces.

Inventory:

Hand Weapons
 a - a +0 long sword (weapon)
Armour
 b - a +0 scale mail (worn)
 c - a +0 shield (worn)
Scrolls
 e - 2 scrolls of identify {unknown}
 g - 3 scrolls of remove curse {unknown}
 h - a scroll of amnesia {unknown}
 i - a scroll of fog {unknown}
 j - a scroll of teleportation {unknown}
 k - a scroll of random uselessness {unknown}
 l - 2 scrolls of enchant weapon {unknown}
Potions
 d - a potion of might
Comestibles
 f - 2 rations
 m - a chunk of flesh


   Skills:
 + Level 4.1 Fighting
 + Level 3.1 Long Blades
 + Level 4.4 Armour
 + Level 0.2 Dodging
 + Level 4.1 Shields


You had 2 spell levels left.
You didn't know any spells.
Your spell library was empty.

Dungeon Overview and Level Annotations

Branches:
Dungeon (2/15)

Altars:

Annotations:
D:2 Natasha


Innate Abilities, Weirdness & Mutations

You reflexively headbutt those who attack you in melee.
You have a pair of horns on your head.


Message History

You hit Natasha. Your headbutt misses Natasha.
Natasha is heavily wounded.
Natasha claws you but does no damage. x2
You hit Natasha. You headbutt Natasha, but do no damage.
Natasha is severely wounded.
Natasha claws you but does no damage.
Natasha stares at you and mumbles some strange words.
The magic dart hits you!
* * * LOW HITPOINT WARNING * * *
You hit Natasha but do no damage. Your headbutt misses Natasha.
Natasha is severely wounded.
You block Natasha's attack. Natasha claws you but does no damage.
Your shield prevents you from hitting Natasha.
Natasha is severely wounded.
Natasha claws you.
* * * LOW HITPOINT WARNING * * *
You closely miss Natasha.
Natasha is severely wounded.
Natasha claws you.
You die...

#......#.#.#
.#.####.#.#.########
....................
##..###..#.#......... #...
#..#.#########. #...
#.<#.#.......#
.####..####.#..........#
..........).####.####..#
.. #...@h.....#.#.....# #.
##.####....#.##....# #.##
#.# ###.......#
..######.####.....####...#
#........(.....##.####...#
#..#####.#####.##........#
#..#####.#### #######..#
#...........# # #..#
#.######+##.# .### #..#


You could see Natasha.

Vanquished Creatures
  2 adders (D:2)
  An ooze (D:2)
  A worm (D:2)
  A dart slug (D:1)
  2 ball pythons (D:1)
  A giant cockroach (D:2)
  4 goblins (D:1)
  4 hobgoblins (D:1)
  3 jackals (D:1)
  A kobold (D:1)
  3 bats (D:1)
  3 frilled lizards (D:1)
  2 rats (D:1)
28 creatures vanquished.

Notes
Turn   | Place    | Note
-------+----------+-------------------------------------------
     0 | D:1      | Peloso the Minotaur Fighter began the quest for the Orb.
     0 | D:1      | Reached XP level 1. HP: 19/19 MP: 0/0
    84 | D:1      | Reached XP level 2. HP: 19/27 MP: 1/1
   724 | D:2      | Reached XP level 3. HP: 33/33 MP: 2/2
   907 | D:2      | Noticed Natasha
   915 | D:2      | HP: 1/33 [Natasha (3)]
   916 | D:2      | Slain by Natasha

Levels and vault maps discovered:
D:1:      dpeg_arrival_erosion, layout_loops_ring, grunt_decor_one_mirror
D:2:      layout_basic, minmay_pentomino_x2, uniq_jessica, uniq_natasha

Skill      XL: |  1  2  3 |
---------------+----------+-----
Armour         | 4 |  4.4
Fighting       | 4 |  4.1
Shields        | 4 |  4.1
Long Blades    | 3 |  3.1
Dodging        | |  0.2

Action                   || total
-------------------------++-------
Melee: Long sword        ||    68
       Headbutt          ||    15
Armor: Scale mail        ||    34
Dodge: Dodged            ||    28
Block: Shield            ||    31
       Rpst.: Long sword ||     8
